 Dungeon Sprint DCSS version 0.28-a0-863-g8cecda6153 (webtiles) character file.

Game seed: 17490655175464427885

23566 Turgor the Phalangite (level 12, -8/134 HPs)
             Began as a Minotaur Berserker on Nov 19, 2021.
             Was a High Priest of Trog.
             Hit by a large rock thrown by a stone giant (27 damage)
             ... in the Dungeon (Sprint IX: "|||||||||||||||||||||||||||||").
             The game lasted 00:22:19 (1677 turns).

Turgor the Phalangite (Minotaur Berserker)          Turns: 1677, Time: 00:22:20

Health: -8/134     AC: 24    Str: 23    XL:     12   Next: 73%
Magic:  11/11      EV: 16    Int:  9    God:    Trog [*****.]
Gold:   1352       SH:  0    Dex: 11    Spells: 11/11 levels left

rFire   + + .      SeeInvis +   t - +12 glaive of Prune {vorpal}
rCold   . . .      Faith    .   (shield currently unavailable)
rNeg    . . .      Spirit   .   b - +1 fire dragon scales
rPois   +          Reflect  .   z - +3 crown of Dyrovepreva {rElec Int+2 SInv}
rElec   +          Harm     .   a - +0 cloak
rCorr   .          Rampage  .   l - +0 pair of gloves
Will    ++...      NoTele   +   u - +0 pair of boots
Stlth   ..........              (no amulet)
HPRegen 1.32/turn               C - ring of protection from cold
MPRegen 0.12/turn               B - ring of poison resistance

@: strong-willed, on berserk cooldown, regenerating, slowed, very slow
A: horns 2, retaliatory headbutt
a: Renounce Religion, Berserk, Trog's Hand, Brothers in Arms


You were in the Dungeon.
You worshipped Trog.
Trog was extremely pleased with you.
You visited 1 branch You collected 1931 gold pieces.
You spent 579 gold pieces at shops.

Inventory:

Hand Weapons
 o - a +3 antimagic glaive
 t - the +12 glaive of Prune (weapon) {vorpal}
   (Trog gifted it to you in the Dungeon)

   It inflicts extra damage upon your enemies.
 x - a +4 bardiche
 y - a +4 glaive of flaming
Missiles
 w - 5 javelins (quivered)
Armour
 a - a +0 cloak (worn)
 b - +1 fire dragon scales (worn)
 l - a +0 pair of gloves (worn)
 u - a +0 pair of boots (worn)
 z - the +3 crown of Dyrovepreva (worn) {rElec Int+2 SInv}
   (You bought it in a shop in the Dungeon)

   Int:       It affects your intelligence (+2).
   rElec:     It insulates you from electricity.
   SInv:      It lets you see invisible.
Jewellery
 v - a ring of protection from fire
 B - a ring of poison resistance (right hand)
 C - a ring of protection from cold (left hand)
Wands
 j - a wand of acid (10)
Scrolls
 h - 2 scrolls of blinking
 m - 4 scrolls of enchant weapon
 q - 8 scrolls of enchant armour
 r - a scroll of fog
 s - 2 scrolls of fear
Potions
 c - 7 potions of curing
 d - 9 potions of heal wounds
 e - 2 potions of haste
 f - 4 potions of magic
 g - a potion of berserk rage
 i - a potion of invisibility
 k - 2 potions of might
 p - a potion of resistance


   Skills:
 * Level 20.3 Fighting
 * Level 21.5 Polearms
 + Level 8.2 Throwing
 + Level 18.1 Armour
 + Level 16.7 Dodging


You had 11 spell levels left.
You didn't know any spells.
Your spell library was empty.

Dungeon Overview and Level Annotations

Branches:
Dungeon (1/1)

Altars:
Cheibriados
Dithmenos
Elyvilon
Fedhas
Gozag
Hepliaklqana
Kikubaaqudgha
Makhleb
Nemelex Xobeh
Okawaru
Qazlal
Ru
Sif Muna
Trog
Uskayaw
Vehumet
Wu Jian
Xom
Yredelemnul
Zin
The Shining One
Beogh
Jiyva
Lugonu

Shops:
D (:([


Innate Abilities, Weirdness & Mutations

You have a pair of horns on your head.
You reflexively headbutt those who attack you in melee.


Message History

Your deep troll goes berserk!
Your deep troll rages.
The ettin hits you with a +0 dire flail!! x2
You swap places.
Your deep troll bites the ettin.
Your deep troll claws the ettin! x2; The ettin misses your deep troll.
The ettin hits your deep troll with a +0 dire flail!!
Your deep troll bites the ettin.
Your deep troll claws the ettin.
Your deep troll claws the ettin!!
There is an open door to the Dungeon, spattered with blood here.
Things that are here:
a +0 rapier; a tengu corpse Reach: t) +12 glaive of Prune {vorpal}
Press: ? - help, Dir - move target, f - ettin
Aim: an ettin, wielding two +0 dire flails (almost dead, ally target, about 11% to evade the +12 glaive of Prune)
You could not reach far enough!
Your deep troll bites the ettin!
Your deep troll barely misses the ettin.
Your deep troll claws the ettin but does no damage.
The ettin hits your deep troll with a +0 dire flail!!
The ettin closely misses your deep troll.
Your deep troll bites the ettin!
The ettin dies!
Trog accepts your kill. The stone giant hits your deep troll!
Your deep troll bites the stone giant!!
Your deep troll claws the stone giant! x2
The stone giant hits your deep troll!!!
Your deep troll dies!
Your deep troll's corpse disappears in a puff of smoke!
The stone giant shouts!
The stone giant throws a large rock.
The large rock hits you!!!
* * * LOW HITPOINT WARNING * * *
You see here a +2 vorpal halberd.
As you close the door, pushing everything out of the way, it creaks loudly!
Your skin crawls.
You feel strong-willed.
A stone giant breaks down the door.
Your iron troll goes berserk!
The stone giant throws a large rock.
The large rock hits you!!
* * * LOW HITPOINT WARNING * * *
The stone giant throws a large rock.
The large rock hits you!!
You die...

[..'[)[)....†...†).......†'†.....
▓▓▓▓▓▓▓▓▓▓▓▓▓▓▓▓▓▓▓▓▓▓▓▓▓▓▓▓▓▓▓▓▓
.................................
▓▓▓▓▓▓▓▓▓▓▓▓▓▓▓▓▓▓▓▓▓▓▓▓▓▓▓▓▓▓▓▓▓
.....∩[∩(∩.∩...[('[.......)))))..
▓▓▓▓▓▓▓▓▓▓▓▓▓▓▓▓▓▓▓▓▓▓▓▓▓▓▓▓▓▓▓▓▓
.................................
▓▓▓▓▓▓▓▓▓▓▓▓▓▓▓▓▓▓▓▓▓▓▓▓▓▓▓▓▓▓▓▓▓
......[)()C'@T.........[[[[[[
▓▓▓▓▓▓▓▓▓▓▓▓▓▓▓▓▓▓▓▓▓▓▓▓▓▓▓▓▓


You could see a stone giant (ally target) and a friendly iron troll (summoned,
berserk).

Vanquished Creatures
  Gastronok (D)
  4 stone giants (D)
  An ettin (D)
  A fire dragon (D)
  A boulder beetle (D)
  A two-headed ogre (D)
  Urug (D)
  An iron troll (D)
  4 deep trolls (D)
  2 deep elf pyromancers (D)
  2 orc knights (D)
  An ugly thing (D)
  An orc sorcerer (D)
  A cyclops (D)
  A manticore (D)
  A gargoyle (D)
  3 komodo dragons (D)
  2 tengu conjurers (D)
  5 trolls (D)
  A hornet (D)
  A blink frog (D)
  A wyvern (D)
  A shadow (D)
  3 basilisks (D)
  2 yaks (D)
  A vampire mosquito (D)
  A warg (D)
  4 water moccasins (D)
  3 hell hounds (D)
  An ice beast (D)
  8 orc warriors (D)
  5 wolves (D)
  3 bullfrogs (D)
  A howler monkey (D)
  A gnoll shaman (D)
  2 orc priests (D)
  6 orc wizards (D)
  An adder zombie (D)
  A dart slug (D)
  7 orcs (D)
  An endoplasm (D)
  A goblin (D)
  A jackal (D)
  A ball python zombie (D)
  A frilled lizard (D)
  A rat (D)
94 creatures vanquished.

Vanquished Creatures (collateral kills)
  A very ugly thing (D)
  2 stone giants (D)
  An ettin (D)
  A deep troll (D)
  A troll (D)
6 creatures vanquished.

Vanquished Creatures (others)
  An ogre mage (D)
1 creature vanquished.

Grand Total: 101 creatures vanquished

Notes
Turn   | Place    | Note
-------+----------+-------------------------------------------
     0 | D        | Turgor the Minotaur Berserker began the quest for the Orb.
     0 | D        | Reached XP level 1. HP: 19/19 MP: 0/0
    10 | D        | Reached ** piety under Trog
    11 | D        | Reached skill level 4 in Polearms
   104 | D        | Noticed an ice beast
   104 | D        | Noticed a gnoll shaman
   113 | D        | Reached *** piety under Trog
   114 | D        | Reached XP level 2. HP: 28/28 MP: 1/1
   119 | D        | Reached skill level 5 in Fighting
   119 | D        | Reached skill level 5 in Polearms
   119 | D        | Reached XP level 3. HP: 36/36 MP: 2/2
   122 | D        | Killed an ice beast
   123 | D        | Reached skill level 6 in Polearms
   123 | D        | Reached skill level 5 in Dodging
   123 | D        | Reached XP level 4. HP: 45/45 MP: 3/3
   130 | D        | Found a snail-covered altar of Cheibriados.
   130 | D        | Found a shadowy altar of Dithmenos.
   130 | D        | Found a white marble altar of Elyvilon.
   130 | D        | Found a blossoming altar of Fedhas.
   130 | D        | Found an opulent altar of Gozag.
   131 | D        | Found a hazy altar of Hepliaklqana.
   132 | D        | Found a viscous altar of Jiyva.
   133 | D        | Found an ancient bone altar of Kikubaaqudgha.
   134 | D        | Found a corrupted altar of Lugonu.
   135 | D        | Found a burning altar of Makhleb.
   136 | D        | Found a sparkling altar of Nemelex Xobeh.
   137 | D        | Found an iron altar of Okawaru.
   138 | D        | Found a stormy altar of Qazlal.
   139 | D        | Found a sacrificial altar of Ru.
   140 | D        | Found a shimmering blue altar of Sif Muna.
   141 | D        | Found a bloodstained altar of Trog.
   142 | D        | Found a hide-covered altar of Uskayaw.
   143 | D        | Found a radiant altar of Vehumet.
   144 | D        | Found an ornate altar of the Wu Jian Council.
   145 | D        | Found a shimmering altar of Xom.
   146 | D        | Found a basalt altar of Yredelemnul.
   147 | D        | Found a glowing silver altar of Zin.
   148 | D        | Found a glowing golden altar of the Shining One.
   201 | D        | Noticed a shadow
   201 | D        | Noticed a hornet
   201 | D        | Noticed an orc warrior
   201 | D        | Noticed a two-headed ogre
   201 | D        | Noticed a vampire mosquito
   205 | D        | Reached **** piety under Trog
   206 | D        | Reached skill level 7 in Polearms
   206 | D        | Reached XP level 5. HP: 52/52 MP: 4/4
   208 | D        | Killed a vampire mosquito
   209 | D        | Reached skill level 9 in Polearms
   209 | D        | Reached XP level 6. HP: 61/61 MP: 5/5
   213 | D        | Killed a two-headed ogre
   214 | D        | Reached skill level 10 in Fighting
   214 | D        | Reached skill level 12 in Polearms
   214 | D        | Reached XP level 7. HP: 69/72 MP: 6/6
   216 | D        | Reached skill level 10 in Armour
   219 | D        | Killed a hornet
   219 | D        | Reached ***** piety under Trog
   220 | D        | Reached skill level 13 in Polearms
   220 | D        | Reached XP level 8. HP: 63/81 MP: 7/7
   403 | D        | Noticed a troll
   403 | D        | Noticed a manticore
   403 | D        | Noticed a troll
   403 | D        | Noticed a troll
   403 | D        | Noticed a gargoyle
   403 | D        | Noticed a troll
   410 | D        | Killed a troll
   411 | D        | Reached skill level 10 in Dodging
   411 | D        | Killed a gargoyle
   412 | D        | Reached skill level 14 in Polearms
   413 | D        | Killed a troll
   414 | D        | Reached XP level 9. HP: 90/90 MP: 8/8
   417 | D        | Killed a troll
   421 | D        | Killed a manticore
   421 | D        | Received a gift from Trog
   425 | D        | Killed a troll
   426 | D        | Reached skill level 15 in Polearms
   598 | D        | Noticed a komodo dragon
   600 | D        | Noticed a komodo dragon
   612 | D        | Received a gift from Trog
   616 | D        | Killed a komodo dragon
   617 | D        | Killed a komodo dragon
   640 | D        | Reached XP level 10. HP: 52/102 MP: 3/9
   833 | D        | Reached skill level 16 in Polearms
   848 | D        | Received a gift from Trog
   848 | D        | Found the +12 glaive of Prune {vorpal}
   910 | D        | Received a gift from Trog
   912 | D        | Reached ****** piety under Trog
   917 | D        | Reached skill level 15 in Fighting
   959 | D        | Noticed Gastronok
   967 | D        | Killed Gastronok
   968 | D        | Reached skill level 17 in Polearms
   968 | D        | Reached skill level 15 in Armour
  1046 | D        | Noticed Urug
  1055 | D        | Killed Urug
  1102 | D        | Received a gift from Trog
  1109 | D        | Reached XP level 11. HP: 114/114 MP: 10/10
  1126 | D        | Received a gift from Trog
  1166 | D        | Noticed an orc knight
  1167 | D        | Noticed an orc knight
  1173 | D        | Reached skill level 1 in Throwing
  1177 | D        | Killed an orc knight
  1185 | D        | Received a gift from Trog
  1189 | D        | Killed an orc knight
  1190 | D        | Reached skill level 18 in Polearms
  1191 | D        | Noticed an orc sorcerer
  1202 | D        | Killed an orc sorcerer
  1208 | D        | Received a gift from Trog
  1269 | D        | Found Sietalokh's Armour Boutique.
  1269 | D        | Noticed a deep troll
  1269 | D        | Noticed a deep troll
  1269 | D        | Noticed a stone giant
  1269 | D        | Noticed a deep troll
  1270 | D        | Noticed an iron troll
  1272 | D        | Noticed a deep troll
  1276 | D        | Killed a stone giant
  1278 | D        | Killed a deep troll
  1279 | D        | Reached skill level 15 in Dodging
  1281 | D        | Killed a deep troll
  1285 | D        | Killed a deep troll
  1286 | D        | Reached skill level 19 in Polearms
  1286 | D        | Found Lasual's Antique Weapon Shop.
  1292 | D        | Killed an iron troll
  1295 | D        | Killed a deep troll
  1296 | D        | Reached skill level 5 in Throwing
  1352 | D        | Found Buradura's Book Boutique.
  1354 | D        | Noticed an ettin
  1355 | D        | Found Josesch's Antique Weapon Shop.
  1357 | D        | Noticed an ogre mage
  1359 | D        | Killed an ettin
  1359 | D        | Received a gift from Trog
  1361 | D        | Noticed a stone giant
  1362 | D        | Noticed a deep troll
  1362 | D        | Noticed a stone giant
  1366 | D        | Killed an ogre mage
  1371 | D        | Killed a stone giant
  1372 | D        | Killed a stone giant
  1373 | D        | Reached skill level 20 in Polearms
  1373 | D        | Reached XP level 12. HP: 122/128 MP: 11/11
  1423 | D        | Bought the +3 crown of Dyrovepreva {rElec Int+2 SInv} for
                  | 579 gold pieces
  1423 | D        | Found the +3 crown of Dyrovepreva {rElec Int+2 SInv}
  1585 | D        | Got the +5 scale mail of the Pit {MP+9}
  1623 | D        | Noticed a boulder beetle
  1629 | D        | Received a gift from Trog
  1631 | D        | Killed a boulder beetle
  1632 | D        | Noticed a fire dragon
  1637 | D        | Noticed a stone giant
  1638 | D        | Noticed a stone giant
  1644 | D        | Noticed a green very ugly thing
  1645 | D        | Noticed a stone giant
  1646 | D        | Received a gift from Trog
  1651 | D        | Killed a fire dragon
  1655 | D        | Killed a stone giant
  1656 | D        | Reached skill level 21 in Polearms
  1656 | D        | Noticed an ettin
  1659 | D        | Killed a stone giant
  1664 | D        | Killed a green very ugly thing
  1667 | D        | Noticed a stone giant
  1668 | D        | Killed a stone giant
  1672 | D        | Killed an ettin
  1677 | D        | Hit by a large rock thrown by a stone giant

Illustrated notes

Levels and vault maps discovered:
D:        linesprint [early_d, line_temple, items_1, d_10, items_2, lair_1,
          lair_end, items_3, orc_1, orc_end, items_4, d_15, swamp_1, shoals_1,
          snake_1, spider_1, d_20, vaults_1, items_5, swamp_end, shoals_end,
          snake_end, spider_end, vaults_end, d_27, items_6, zot_1, zot_end,
          crypt_end, forest_end, elf_end, slime_end, tomb_end, abyss_end,
          pan_hell_end]

Skill      XL: |  1  2  3  4  5  6  7  8  9 10 11 12 |
---------------+-------------------------------------+-----
Fighting       | 4 5 6 7 8 10 12 13 15 18 20 | 20.3
Polearms       | 4 5 6 7 9 12 13 14 15 17 20 21 | 21.5
Armour         | 3 4 6 7 9 10 11 13 15 17 18 | 18.1
Dodging        | 3 4 5 6 7 9 10 12 14 15 16 | 16.7
Throwing       | 6 8 |  8.2

Action                   |  1- 3 |  4- 6 |  7- 9 | 10-12 || total
-------------------------+-------+-------+-------+-------++-------
Melee: Spear             |    23 |     1 |       |       ||    24
       Headbutt          |     5 |     3 |    11 |    32 ||    51
       Halberd           |       |    11 |    30 |       ||    41
       Glaive            |       |       |    23 |   170 ||   193
Invok: Berserk           |     1 |     1 |     2 |     7 ||    11
       Trog's Hand       |       |       |       |    10 ||    10
       Brothers in Arms  |       |       |       |     4 ||     4
Armor: Animal skin       |     2 |       |       |       ||     2
       Chain mail        |       |     5 |    16 |    20 ||    41
       Fire dragon scale |       |       |       |     3 ||     3
Dodge: Dodged            |     6 |     3 |    19 |    40 ||    68

Table legend: (Time is in decaauts)
 A = Elapsed time spent in this place.
 B = Non-inter-level travel time spent in this place.
 C = Inter-level travel time spent in this place.
 D = Time resting spent in this place.
 E = Time spent auto-exploring this place.
 F = Levels seen in this place.
 G = Mean time per level.
                   A        B        C        D        E       F      G
               +--------+--------+--------+--------+--------+-----+--------+
         Total |   1702 |   1702 |      0 |    709 |      0 |   1 | 1702.0 |
       Dungeon |   1702 |   1702 |      0 |    709 |      0 |   1 | 1702.0 |
               +--------+--------+--------+--------+--------+-----+--------+

Top non-repeatable levels by time:
       D: 1702 daAuts
